 Dungeon Crawl Stone Soup version 0.23.2-33-g5129a83184 (webtiles) character file.

Game seed: 3185043466689670960

8675 Felnil the Protected (level 11, -3/75 HPs)
             Began as a Mummy Fighter on Aug 7, 2019.
             Was a High Priest of Qazlal.
             Slain by an orc knight
             ... wielding a +0 great mace
              (14 damage)
             ... on level 1 of the Orcish Mines.
             The game lasted 00:51:35 (10678 turns).

Felnil the Protected (Mummy Fighter)               Turns: 10678, Time: 00:51:36

Health: -3/75      AC: 23    Str: 22    XL:     11   Next: 13%
Magic:  20/20      EV:  5    Int:  9    God:    Qazlal [*****.]
Gold:   119        SH: 24    Dex: 11    Spells: 10/10 levels left

rFire    . . .     SeeInvis .   m - +4 rapier (vamp)
rCold    . . .     Gourm    .   c - +4 shield
rNeg     + + +     Faith    .   d - +0 plate armour
rPois    ∞         Spirit   .   (no helmet)
rElec    .         Reflect  +   (no cloak)
rCorr    .         Harm     .   h - +2 pair of gloves
MR       +....                  (no boots)
Stlth    ..........             n - +4 amulet of reflection
HPRegen  0.22/turn              f - ring of magical power
MPRegen  0.17/turn              k - ring of fire

@: protected from physical damage, repel missiles
A: no food or potions, fire vulnerability, cold resistance 1, negative energy
resistance 3, torment resistance, unbreathing
a: Upheaval, Elemental Force, Disaster Area, Renounce Religion


You were on level 1 of the Orcish Mines.
You worshipped Qazlal.
Qazlal was extremely pleased with you.
You were not hungry.

You visited 2 branches of the dungeon, and saw 10 of its levels.
You also visited: Sewer.

You collected 629 gold pieces.
You spent 510 gold pieces at shops.

Inventory:

Hand Weapons
 a - a +1 war axe of electrocution
 m - a +4 vampiric rapier (weapon)
Missiles
 l - a throwing net (quivered)
 r - 3 javelins
Armour
 c - a +4 shield (worn)
 d - a +0 plate armour (worn)
 h - a +2 pair of gloves (worn)
Jewellery
 f - a ring of magical power (left hand)
 k - a ring of fire (right hand)
 n - a +4 amulet of reflection (around neck)
 o - an uncursed ring of flight
 s - an uncursed amulet of harm
Wands
 u - a wand of polymorph (2)
 w - a wand of iceblast (7)
Scrolls
 e - 2 scrolls of remove curse
 g - 6 scrolls of identify
 i - 3 scrolls of teleportation
 j - 5 scrolls of amnesia
 q - a scroll of brand weapon
 t - 2 scrolls of magic mapping
Miscellaneous
 p - a fan of gales (inert)
 v - a phantom mirror


   Skills:
 - Level 3.0 Fighting
 - Level 1.5 Axes
 + Level 14.1 Armour
 - Level 2.4 Shields


You had 10 spell levels left.
You didn't know any spells.
Your spell library contained the following spells:

 Spells                   Type           Power        Failure   Level  Hunger
 Animate Skeleton         Necr           N/A          100%        1    N/A
 Apportation              Tloc           #.....       100%        1    N/A
 Confusing Touch          Hex            #.....       100%        1    N/A
 Freeze                   Ice            #...         100%        1    N/A
 Summon Small Mammal      Summ           #...         100%        1    N/A
 Ensorcelled Hibernation  Hex/Ice        #.....       100%        2    N/A
 Passwall                 Tmut/Erth      #.......     100%        2    N/A
 Ignite Poison            Fire/Tmut/Pois #.......     100%        3    N/A
 Fireball                 Conj/Fire      #.........   100%        5    N/A
 Bolt of Fire             Conj/Fire      #.........   100%        6    N/A
 Simulacrum               Ice/Necr       #.........   100%        6    N/A
 Ring of Flames           Chrm/Fire      #.........   100%        7    N/A
 Ignition                 Fire           #.........   100%        8    N/A
 Shatter                  Erth           #.........   100%        9    N/A

Dungeon Overview and Level Annotations

Branches:
Dungeon (9/15)             Temple (0/1) D:4             Orc (1/2) D:9
   Lair: D:8-11

Altars:
Cheibriados
Dithmenos
Fedhas
Hepliaklqana
Qazlal
Ru
Sif Muna
Uskayaw
Vehumet
Xom
Yredelemnul
The Shining One

Shops:
D:6 *   D:9 }

Annotations:
D:6 2 runed translucent doors


Innate Abilities, Weirdness & Mutations

You do not eat or drink.
Your flesh is vulnerable to fire.
You are immune to poison.
Your flesh is cold resistant. (rC+)
You are immune to negative energy. (rN+++)
You are immune to unholy pain and torment.
You can survive without breathing.


Message History

You hit the orc knight.
You feel better.
The orc knight is severely wounded.
You block the orc knight's attack.
You closely miss the orc knight.
The orc knight is severely wounded.
The orc knight hits you with a +0 great mace.
You hit the orc knight but do no damage.
The orc knight is severely wounded.
You block the orc knight's attack.
You closely miss the orc knight.
The orc knight is severely wounded.
You block the orc knight's attack.
Your plate armour prevents you from hitting the orc knight.
The orc knight is severely wounded.
The orc knight hits you with a +0 great mace!
* * * LOW HITPOINT WARNING * * *
You closely miss the orc knight.
The orc knight is severely wounded.
The orc knight hits you with a +0 great mace!
You die...

.###....##.# ##.##..
.....$..#..# #......
......##.#.# ##.##..
......#.##.# ####..
)...$#####.# ##...
.).$.# #.# ##.... ....##
#.# ####..... ...#..#
#.##############.##..>..
o.## #
#..)..o@))))).$.$.......
..#
###############.........
### #....$.#...
##......... ##.........
#...##..... ##..#....>.
#......$.. ##...$....


You could see an orc knight.

Vanquished Creatures
  2 two-headed ogres
  The ghost of Cykl0x the Slasher, a novice FoFi of Makhleb (D:7)
  An orc knight (Orc:1)
  An ugly thing (D:9)
  A troll (Orc:1)
  Eustachio (D:6)
  A hungry ghost (D:7)
  Duvessa (D:5)
  5 orc warriors
  A swamp drake (Orc:1)
  Purgy (Sewer)
  4 sky beasts
  8 ice beasts
  7 ogres
  3 phantoms
  3 centaurs
  A wolf (Orc:1)
  A crocodile (Orc:1)
  A big kobold (D:7)
  2 bullfrogs
  Dowan (D:5)
  2 scorpions (D:6)
  A water moccasin skeleton (D:8)
  A wight (D:6)
  7 howler monkeys
  3 crimson imps
  A bullfrog zombie (D:9)
  8 orc priests
  5 jellies
  9 orc wizards
  6 hounds
  3 iguanas
  14 worker ants
  A hound zombie (D:7)
  A hound skeleton (D:6)
  A worker ant zombie (D:6)
  3 gnolls (D:5)
  8 adders
  A hound simulacrum (D:7)
  A shadow imp (D:7)
  4 white imps (D:7)
  2 oozes (D:1)
  A worm (D:4)
  An adder skeleton (D:6)
  An adder zombie (D:7)
  3 dart slugs
  4 leopard geckos
  47 orcs
  2 giant cockroaches
  9 goblins
  3 hobgoblins
  12 jackals
  10 quokkas
  2 ball pythons
  A ball python skeleton (D:5)
  7 bats
  12 frilled lizards
  A jackal skeleton (D:5)
  A jackal zombie (D:6)
  15 kobolds
  2 leopard gecko zombies
  A quokka skeleton (D:8)
  11 rats
275 creatures vanquished.

Vanquished Creatures (others)
  An orc warrior (Orc:1)
  A centaur (D:6)
  An orc priest (Orc:1)
  An orc wizard (Orc:1)
  An orc (Orc:1)
5 creatures vanquished.

Grand Total: 280 creatures vanquished

Notes
Turn   | Place    | Note
-------+----------+-------------------------------------------
     0 | D:1      | Felnil the Mummy Fighter began the quest for the Orb.
     0 | D:1      | Reached XP level 1. HP: 18/18 MP: 1/1
    98 | D:1      | Reached XP level 2. HP: 24/24 MP: 2/2
   107 | D:1      | Reached skill level 3 in Armour
   623 | D:2      | Reached XP level 3. HP: 29/29 MP: 3/3
   824 | D:2      | Found a faded altar of an unknown god.
   826 | D:2      | Became a worshipper of Qazlal Stormbringer
   826 | D:2      | Reached * piety under Qazlal
  1216 | D:3      | Found a glowing drain.
  1219 | D:3      | Reached skill level 4 in Armour
  1238 | D:3      | Reached XP level 4. HP: 28/35 MP: 4/4
  1266 | D:3      | Reached ** piety under Qazlal
  1666 | Sewer    | Entered a sewer
  1675 | Sewer    | Reached XP level 5. HP: 35/41 MP: 5/5
  1725 | Sewer    | Noticed Purgy
  1737 | Sewer    | Killed Purgy
  1737 | Sewer    | Reached skill level 5 in Armour
  2400 | D:4      | Found a sacrificial altar of Ru.
  2415 | D:4      | Reached XP level 6. HP: 41/47 MP: 6/6
  2417 | D:4      | Found a staircase to the Ecumenical Temple.
  2675 | D:4      | Reached skill level 6 in Armour
  2868 | D:4      | Reached XP level 7. HP: 26/52 MP: 7/7
  3506 | D:4      | Reached skill level 7 in Armour
  3940 | D:5      | Entered Level 5 of the Dungeon
  4135 | D:5      | Reached *** piety under Qazlal
  4341 | D:5      | Reached skill level 8 in Armour
  4411 | D:5      | Noticed Duvessa
  4430 | D:5      | Killed Duvessa
  4430 | D:5      | Reached XP level 8. HP: 37/58 MP: 8/8
  4433 | D:5      | Noticed Dowan
  4459 | D:5      | Killed Dowan
  4642 | D:5      | Found a shadowy altar of Dithmenos.
  4644 | D:5      | Found a shimmering altar of Xom.
  4644 | D:5      | Found a glowing golden altar of the Shining One.
  4646 | D:5      | Found a blossoming altar of Fedhas.
  4646 | D:5      | Found a snail-covered altar of Cheibriados.
  4646 | D:5      | Found a deep blue altar of Sif Muna.
  5048 | D:6      | Reached skill level 9 in Armour
  5108 | D:6      | Found a large runed translucent door.
  5108 | D:6      | Found a large runed translucent door.
  5173 | D:6      | Noticed a two-headed ogre
  5208 | D:6      | Killed a two-headed ogre
  5208 | D:6      | Reached skill level 10 in Armour
  5208 | D:6      | Reached XP level 9. HP: 35/63 MP: 9/9
  5376 | D:6      | Found a large runed translucent door.
  5376 | D:6      | Found a large runed translucent door.
  5481 | D:6      | Identified the Papyrus of Earth and the Frostbite
  5644 | D:6      | Reached skill level 11 in Armour
  5656 | D:6      | Noticed Eustachio
  5662 | D:6      | Killed Eustachio
  5776 | D:6      | Found Haceivuu's Humungous Hoard.
  6177 | D:7      | Noticed Cykl0x's ghost (novice FoFi)
  6188 | D:7      | Reached **** piety under Qazlal
  6590 | D:7      | Reached skill level 12 in Armour
  6808 | D:7      | Found a hazy altar of Hepliaklqana.
  7160 | D:7      | Found a runed translucent gate.
  7161 | D:7      | Found a runed translucent gate.
  7161 | D:7      | Found a runed translucent gate.
  7507 | D:7      | Reached XP level 10. HP: 64/70 MP: 10/10
  7523 | D:7      | Killed Cykl0x's ghost
  7852 | D:8      | Reached ***** piety under Qazlal
  7939 | D:8      | Noticed a two-headed ogre
  7949 | D:8      | Killed a two-headed ogre
  7949 | D:8      | Reached skill level 13 in Armour
  8257 | D:8      | Found a radiant altar of Vehumet.
  8652 | D:9      | Noticed a purple ugly thing
  8663 | D:9      | Killed a purple ugly thing
  8802 | D:9      | Found Afoz's Gadget Emporium.
  8873 | D:9      | Found a staircase to the Orcish Mines.
  9020 | D:9      | Bought a phantom mirror for 510 gold pieces
  9483 | D:9      | Found a hide-covered altar of Uskayaw.
  9519 | D:9      | Found a shadowy altar of Dithmenos.
  9612 | D:9      | Found a hazy altar of Hepliaklqana.
  9634 | D:9      | Found a basalt altar of Yredelemnul.
  9688 | Orc:1    | Entered Level 1 of the Orcish Mines
  9697 | Orc:1    | Noticed a two-headed ogre
  9699 | Orc:1    | Noticed a two-headed ogre
  9716 | Orc:1    | Noticed an orc knight
  9717 | Orc:1    | Reached XP level 11. HP: 17/75 MP: 11/11
  9718 | Orc:1    | Noticed a wolf spider
  9718 | Orc:1    | Noticed an orc knight
  9719 | Orc:1    | Noticed a wolf spider
 10018 | Orc:1    | Reached skill level 14 in Armour
 10073 | Orc:1    | Killed an orc knight
 10678 | Orc:1    | Slain by an orc knight

Skill      XL: |  1  2  3  4  5  6  7  8  9 10 11 |
---------------+----------------------------------+-----
Armour         | 3 4 5 6 8 10 12 13 14 | 14.1
Fighting       | |  3.0
Axes           | |  1.5
Shields        | |  2.4

Action                   |  1- 3 |  4- 6 |  7- 9 | 10-12 || total
-------------------------+-------+-------+-------+-------++-------
Melee: War axe           |   117 |   188 |   170 |       ||   475
       Rapier            |       |       |   306 |   479 ||   785
Evoke: Wand              |       |       |    16 |    25 ||    41
       Fan of gales      |       |       |       |     1 ||     1
  Use: Scroll            |       |    10 |     7 |     6 ||    23
Armor: Scale mail        |    73 |    80 |       |       ||   153
       Plate armour      |       |    42 |   206 |   136 ||   384
Dodge: Dodged            |    42 |    46 |    43 |    34 ||   165
       Deflected         |       |       |     2 |     1 ||     3
Block: Shield            |    62 |   192 |   494 |   451 ||  1199
       Reflection        |       |       |    15 |     6 ||    21
